 Dungeon Crawl Stone Soup version 0.30-b1-2-g02819fbbbe (webtiles) character file.

Game seed: 10536995360783336170

35 ChickenMitten the Shield-Bearer (level 3, 0/30 HPs)
             Began as a Formicid Fighter on Dec 23, 2023.
             Slain by a gnoll
             ... wielding a +0 spear
              (4 damage)
             ... on level 2 of the Dungeon.
             The game lasted 00:03:02 (1611 turns).

ChickenMitten the Shield-Bearer (Formicid Fighter)  Turns: 1611, Time: 00:03:04

Health: 0/30       AC:  9    Str: 22    XL:     3   Next: 55%
Magic:  3/3        EV:  8    Int:  7    God:
Gold:   75         SH:  5    Dex: 13    Spells: 2/2 levels left

rFire   . . .        a - +0 war axe
rCold   . . .        c - +0 buckler
rNeg    . . .        i - +0 chain mail
rPois   .            (helmet unavailable)
rElec   .            (no cloak)
rCorr   .            (no gloves)
SInv    +            (no boots)
Will    .....        (no amulet) Stlth
                     (no ring)
HPRegen 0.25/turn    (no ring)
MPRegen 0.08/turn

%: no passive effects
@: mighty
A: permanent stasis, dig shafts and tunnels, antennae 3, four strong arms
a: Dig, Shaft Self


You were on level 2 of the Dungeon.
You visited 1 branch of the dungeon, and saw 2 of its levels.

You collected 75 gold pieces.

Inventory:

Hand Weapons
 a - a +0 war axe (weapon)
Armour
 b - a +0 scale mail
 c - a +0 buckler (worn)
 i - a +0 chain mail (worn)
Jewellery
 n - a ring of fire
Scrolls
 g - a scroll of enchant armour {unknown}
 h - 2 scrolls of identify {unknown}
 l - a scroll of fog {unknown}
 m - a scroll of teleportation {unknown}
 o - a scroll of amnesia {unknown}
Potions
 e - a potion of brilliance {unknown}
 f - 2 potions of attraction {unknown}
 j - a potion of mutation {unknown}
 k - 2 potions of heal wounds {unknown}
 p - a potion of lignification {unknown}


   Skills:
 * Level 3.7 Fighting
 * Level 2.6 Axes
 * Level 3.7 Armour
 * Level 4.3 Shields


You had 2 spell levels left.
You didn't know any spells.
Your spell library was empty.

Dungeon Overview and Level Annotations

Branches:
Dungeon (2/15)

Altars:

Shops:
D:2 *


Innate Abilities, Weirdness & Mutations

You cannot be hasted, slowed, berserked, paralysed or teleported.
You can dig through walls and to a lower floor.
You have a pair of large antennae on your head. (SInv)
Your four strong arms can wield two-handed weapons with a shield.


Message History

The goblin shouts!
You slash the goblin!
You kill the goblin!
No target in view!
No target in view!
You see here a +0 club.
p - a fuming pink potion You open the door.
There is an open door here.
There is an open door here.
You open the door.
There is an open door here.
k - 2 puce potions (gained 1)
A gnoll comes into view. It is wielding a +0 halberd.
The gnoll shouts!
A gnoll comes into view. It is wielding a +0 flail.
A gnoll comes into view. It is wielding a +0 spear.
The gnoll shouts!
A gnoll comes into view. It is wielding a +0 spear.
The gnoll shouts!
You feel very mighty all of a sudden. The gnoll barely misses you.
You closely miss the gnoll. The gnoll hits you with a +0 halberd.
The gnoll hits you from afar with a +0 spear.
The gnoll closely misses you. The gnoll hits you with a +0 spear.
The gnoll hits you but does no damage.
You closely miss the gnoll. You hit the gnoll. You slash the gnoll!
The gnoll closely misses you. x3
You barely miss the gnoll.
The gnoll is severely wounded.
You barely miss the gnoll. You closely miss the gnoll.
The gnoll barely misses you.
The gnoll hits you but does no damage. x2
You barely miss the gnoll.
The gnoll is severely wounded.
You hit the gnoll. You slash the gnoll! The gnoll hits you with a +0 halberd.
The gnoll hits you with a +0 spear. You block the gnoll's attack.
The gnoll hits you with a +0 halberd!
* * * LOW HITPOINT WARNING * * *
The gnoll hits you with a +0 spear.
You die...

.... .. ...
.#####..##g#####.#
............ .....
#..........# #.#.# {
#..........###.#.# #..
.......#.....#
.###.###g....#.#.#.#
..........##.#.#.#.#
...............g@..#
.....#g#.....#g#g.# ....
#g###..##g#### # .. ##.#
..#.### { ##
#.##.##.#.#### ##. ##.#
#.##....## ###..
#g###.#......########....
##.#.##..................
....
#...#................>..


You could see 4 gnolls.

Vanquished Creatures
  3 dart slugs
  A ball python (D:2)
  3 endoplasms
  3 giant cockroaches (D:1)
  4 goblins
  A hobgoblin (D:1)
  5 kobolds
  A quokka (D:1)
  2 bats (D:2)
  A frilled lizard (D:1)
  2 rats (D:2)
26 creatures vanquished.

Vanquished Creatures (others)
  5 toadstools (D:1)
5 creatures vanquished.

Grand Total: 31 creatures vanquished

Notes
Turn   | Place    | Note
-------+----------+-------------------------------------------
     0 | D:1      | ChickenMitten the Formicid Fighter began the quest for the
                  | Orb.
     0 | D:1      | Reached XP level 1. HP: 18/18 MP: 1/1
   176 | D:1      | Reached XP level 2. HP: 16/24 MP: 2/2
   759 | D:1      | Reached XP level 3. HP: 29/29 MP: 3/3
  1461 | D:2      | Found Fuettopt's Assorted Antiques.
  1472 | D:2      | Found a faded altar of an unknown god.
  1611 | D:2      | Slain by a gnoll

Illustrated notes

Levels and vault maps discovered:
D:1:      ldierk_walled_garden, layout_basic, chequers_serial_rivers_small_b
D:2:      layout_basic, serial_shops, shop, ebering_ecumenical_altar_petrified,
          grunt_decor_clamped, kennysheep_potato

Action                     || total
---------------------------++-------
  Melee: War axe           ||    69
    Use: Potion            ||     1
 Armour: Scale mail        ||    14
         Chain mail        ||    17
  Dodge: Dodged            ||    27
  Block: Buckler           ||    16
